 Dungeon Crawl Stone Soup version 0.29.1-15-g9cfb28693d (webtiles) character file.

Game seed: 13647897997917883795

4 Gaplan the Conjurer (level 1, 0/7 HPs)
             Began as a Felid Conjurer on Apr 15, 2023.
             Slain by a goblin
             ... wielding a +0 dagger
              (3 damage)
             ... on level 1 of the Dungeon.
             The game lasted 00:01:24 (386 turns).

Gaplan the Conjurer (Felid Conjurer)                 Turns: 386, Time: 00:01:25

Health: 0/7        AC:  1    Str:  3    XL:     1   Next: 58%
Magic:  4/4        EV: 17    Int: 19    God:
Gold:   32         SH:  0    Dex: 14    Spells: 3/4 levels left
                                        Lives:  0   Deaths: 0

rFire   . . .      SeeInvis +   (weapon unavailable)
rCold   . . .      Faith    .   (shield unavailable)
rNeg    . . .      Spirit   .   (body armour unavailable)
rPois   .          Reflect  .   (helmet unavailable)
rElec   .          Harm     .   (cloak unavailable)
rCorr   .          Rampage  .   (gloves unavailable)
Will    .....                   (boots unavailable)
Stlth   ++........              (no amulet)
HPRegen 0.02/turn               (no ring)
MPRegen 0.09/turn               (no ring)

@: quick
A: very small, claws 1, fangs 3, see invisible, speed 1, shaggy fur 1, stealthy
paws, no weapons or thrown items, no armour, multi-lived
a: no special abilities


You were on level 1 of the Dungeon.
You visited 1 branch of the dungeon, and saw 1 of its levels.

You collected 32 gold pieces.

Inventory:

Scrolls
 b - a scroll of identify {unknown}
Potions
 a - 2 potions of magic


   Skills:
 + Level 2.7 Dodging
 + Level 2.7 Stealth
 + Level 2.0 Spellcasting
 + Level 3.8 Conjurations


You had 3 spell levels left.
You knew the following spells:

 Your Spells              Type           Power      Damage    Failure   Level
a - Magic Dart            Conj           64%        1d6       3%          1

Your spell library contained the following spells:

 Spells                   Type           Power      Damage    Failure   Level
 Searing Ray              Conj           32%        2d5       5%          2
 Dazzling Flash           Conj/Hex       18%        N/A       22%         3
 Fulminant Prism          Conj/Hex       4%         3d6       58%         4
 Iskenderun's Mystic Bla  Conj/Tloc      9%         2d4       58%         4


Dungeon Overview and Level Annotations

Branches:
Dungeon (1/15)

Altars:


Innate Abilities, Weirdness & Mutations

You have sharp claws.
You have razor-sharp teeth.
You have supernaturally acute eyesight. (SInv)
You cover ground quickly. (Speed+)
You are covered in fur. (AC +1)
Your paws help you pounce on unaware monsters.
You are incapable of wielding weapons or throwing items.
You cannot wear armour.
You gain extra lives every three experience levels.


Message History

You scratch the bat but do no damage. Your bite misses the bat.
The bat is heavily wounded.
The bat misses you. The bat completely misses you. The bat barely misses you.
You scratch the bat.
The bat is severely wounded.
The bat misses you.
You scratch the bat.
You kill the bat!
No target in view!
No target in view!
You now have 32 gold pieces (gained 17).
Sorry, you're not good enough to have a special ability.
No target in view!
No target in view!
A ball python comes into view.
A goblin and a kobold come into view.
Found 3 gold pieces.
Found an escape hatch in the floor.
The kobold shouts!
The ball python hisses angrily.
The goblin shouts!
You scratch the kobold.
The kobold is severely wounded.
The kobold closely misses you.
You scratch the kobold.
You kill the kobold!
The ball python closely misses you. The ball python grabs you.
The ball python constricts you.
You escape the ball python's grasp.
You scratch the ball python but do no damage.
The ball python barely misses you. The ball python grabs you.
The ball python constricts you.
You barely miss the ball python. The ball python misses you.
The ball python constricts you.
You scratch the ball python but do no damage.
The ball python closely misses you. The ball python constricts you.
You scratch the ball python.
You kill the ball python!
You barely miss the goblin. The goblin completely misses you.
You barely miss the goblin. The goblin completely misses you.
You miss the goblin. Your bite misses the goblin.
The goblin hits you with a +0 dagger.
You die...

.# .# ># g#
###########.###
#.........#...
#.#######@#)##### #.#
#.....g.....#
####.###.###.#.###...
#........# #.....
##.##..........$..#
##.#.##########...##
##.###.## #.## #.##
##.# .# ##.###.## .#


You could see a goblin.

Vanquished Creatures
  A ball python (D:1)
  A bat (D:1)
  An endoplasm (D:1)
  A kobold (D:1)
4 creatures vanquished.

Notes
Turn   | Place    | Note
-------+----------+-------------------------------------------
     0 | D:1      | Gaplan the Felid Conjurer began the quest for the Orb.
     0 | D:1      | Reached XP level 1. HP: 7/7 MP: 4/4
   386 | D:1      | Slain by a goblin

Illustrated notes

Levels and vault maps discovered:
D:1:      lemuel_arrival_funnel, layout_loops_corners

Action                   || total
-------------------------++-------
Melee: Unarmed           ||    21
       Bite              ||     1
Armor: Skin              ||     3
Dodge: Dodged            ||    20
